AoeStats
← Horizon

Arena

508858875Analyzed
4v4 RM · 7d ago on Sep 24, 2026· 48m 38s· 8 players
Game mode
Random Map
Map size
Large (8 player)
Population
200
Speed
Normal
Resources
Standard
Victory
Conquest
Starting age
Dark Age
Ending age
Imperial Age
RankedLock teamsTeams togetherTeam positionsShared explorationLock speedFull tech treeHidden civsTurbo modeCheats
Victory
Defeat
🇩🇪 Varangians · Germany
1597
+10
🇩🇪 Danes · Germany
1482
+14
🇨🇿 Gurjaras · Czechia
1471
+15
🇨🇳 Mongols · China
1409
+17
🇵🇰 Teutons · Pakistan
1501
-16
🇨🇳 Persians · China
1435
-14
🇭🇰 Varangians · Hong Kong SAR China
1422
-13
🇭🇰 Bengalis · Hong Kong SAR China
1415
-13
软脚虾3号
10:02 Feudal Age
8:34 Loom
14:19 Castle Age
13:06 Double-Bit Axe
13:07 Horse Collar
20:41 Bow Saw
22:53 Heavy Plow
24:33 Wheelbarrow
26:34 Town Watch
26:47 Gold Mining
26:48 Stone Mining
32:12 Imperial Age
30:56 Hand Cart
30:33 Fletching
30:43 Padded Archer Armor
31:05 Ballistics
31:08 Bodkin Arrow
31:27 Bloodlines
31:17 Husbandry
31:45 Thumb Ring
32:23 Leather Archer Armor
33:10 Gold Shaft Mining
32:14 Cranequins
33:20 Conscription
33:01 Bracer
34:22 Chemistry
35:03 Ring Archer Armor
34:05 Heavy Mounted Crossbowman
38:03 Stone Shaft Mining
37:39 Siege Engineers
37:44 Masonry
38:51 Caravan
39:15 Northmen's Fury
40:32 Capped Ram
41:24 Onager
41:24 Siege Ram
43:56 Hoardings
43:02 Siege Onager
44:48 Scale Mail Armor
44:59 Forging
45:00 Squires
44:45 Arson
适才相戏尔
5:27 Loom
8:30 Feudal Age
9:01 Double-Bit Axe
9:54 Town Watch
14:04 Fletching
17:19 Horse Collar
17:58 Stone Mining
20:29 Gold Mining
25:48 Castle Age
28:52 Castle Age
29:45 Bloodlines
29:36 Husbandry
29:49 Bow Saw
31:19 Gold Shaft Mining
32:47 Bodkin Arrow
32:55 Padded Archer Armor
35:39 Wheelbarrow
41:20 Stone Shaft Mining
41:59 Ballistics
45:42 Imperial Age
43:29 Hand Cart
44:16 Leather Archer Armor
44:12 Thumb Ring
46:02 Nomads
45:46 Heavy Cavalry Archer
46:51 Parthian Tactics
47:35 Chemistry
46:37 Bracer
47:39 Conscription
48:18 Drill
47:51 Onager
polom.s1989
8:32 Loom
10:52 Feudal Age
15:45 Castle Age
14:16 Horse Collar
14:52 Double-Bit Axe
19:09 Wheelbarrow
19:02 Bow Saw
24:48 Hand Cart
25:11 Atonement
26:04 Forging
26:00 Scale Barding Armor
26:35 Heavy Plow
27:10 Bloodlines
29:40 Husbandry
31:48 Kshatriyas
36:20 Imperial Age
33:45 Town Watch
34:38 Gold Mining
35:39 Iron Casting
37:26 Frontier Guards
37:29 Conscription
37:50 Heavy Camel Rider
39:20 Crop Rotation
39:22 Chain Barding Armor
39:53 Husbandry
44:44 Elite Shrivamsha Rider
46:06 Plate Barding Armor
46:20 Gold Shaft Mining
45:36 Stone Mining
48:55 Thumb Ring
Eiseob
10:23 Feudal Age
14:53 Castle Age
12:52 Double-Bit Axe
13:11 Horse Collar
16:40 Bow Saw
21:24 Stone Mining
21:53 Loom
22:44 Wheelbarrow
23:58 Stone Shaft Mining
25:34 Hand Cart
29:11 Imperial Age
27:05 Gold Mining
27:28 Heavy Plow
27:53 Scale Barding Armor
27:49 Scale Mail Armor
27:59 Forging
30:17 Conscription
30:18 Bloodlines
30:09 Husbandry
30:33 Chain Barding Armor
30:49 Iron Casting
31:48 Elite Jarl
35:23 Plate Barding Armor
37:07 Guilds
38:06 Blast Furnace
41:54 Coinage
43:05 Banking
hugo0379
9:59 Feudal Age
12:17 Double-Bit Axe
14:45 Castle Age
13:21 Horse Collar
14:17 Loom
15:41 Bow Saw
25:04 Scale Barding Armor
27:04 Wheelbarrow
26:59 Husbandry
27:09 Bloodlines
27:09 Heavy Plow
29:53 Gold Mining
30:41 Forging
36:05 Imperial Age
34:13 Wheelbarrow
34:47 Iron Casting
35:35 Stone Mining
36:55 Chain Barding Armor
36:25 Elite Jarl
39:13 Blast Furnace
39:16 Conscription
40:01 Plate Barding Armor
40:30 Fletching
41:56 Bodkin Arrow
42:40 Masonry
42:11 Treadmill Crane
42:38 Siege Engineers
46:07 Crop Rotation
45:57 Capped Ram
47:22 Siege Ram
Mano_C
10:37 Feudal Age
11:06 Loom
15:16 Castle Age
13:32 Fletching
13:36 Double-Bit Axe
18:07 Gold Mining
19:27 Horse Collar
24:17 Scale Barding Armor
25:13 Sanctity
26:40 Forging
30:14 Redemption
30:06 Atonement
30:46 Chain Barding Armor
34:42 Wheelbarrow
33:52 Town Watch
34:48 Wheelbarrow
35:00 Bow Saw
36:55 Fortified Wall
39:25 Imperial Age
37:49 Masonry
38:14 Bodkin Arrow
38:20 Padded Archer Armor
38:50 Ballistics
38:43 Crossbowman
39:27 Arbalester
41:13 Chemistry
40:36 Bracer
41:10 Elite Skirmisher
45:28 Leather Archer Armor
46:29 Two-Man Saw
47:24 Elite Elephant Archer
秦墨子
11:07 Feudal Age
12:28 Wheelbarrow
11:52 Horse Collar
12:03 Double-Bit Axe
14:59 Castle Age
16:26 Hand Cart
22:07 Gold Mining
24:20 Gold Shaft Mining
25:28 Bow Saw
25:22 Heavy Plow
27:59 Imperial Age
25:47 Stone Mining
26:50 Forging
26:46 Scale Barding Armor
27:54 Stone Shaft Mining
27:28 Caravan
28:26 Iron Casting
27:54 Husbandry
28:05 Bloodlines
27:45 Loom
27:45 Town Watch
27:52 Cavalier
30:28 Crop Rotation
31:02 Two-Man Saw
32:18 Conscription
32:23 Chain Barding Armor
34:02 Blast Furnace
33:29 Light Cavalry
35:16 Hussar
37:36 Plate Barding Armor
37:48 Ballistics
38:28 Chemistry
37:20 Fletching
37:31 Padded Archer Armor
37:48 Elite Skirmisher
39:10 Thumb Ring
39:27 Bodkin Arrow
39:48 Leather Archer Armor
43:32 Leather Archer Armor
43:35 Kamandaran
43:51 Citadels
Horizon
5:48 Loom
8:42 Feudal Age
10:19 Fletching
10:18 Town Watch
17:16 Double-Bit Axe
17:19 Horse Collar
21:13 Wheelbarrow
25:45 Castle Age
24:51 Gold Mining
25:57 Scale Mail Armor
26:18 Forging
25:29 Man-at-Arms
25:55 Arson
26:27 Heavy Plow
26:38 Bow Saw
26:44 Squires
26:33 Gambesons
27:01 Long Swordsman
32:32 Chain Mail Armor
35:14 Padded Archer Armor
34:54 Elite Skirmisher
36:25 Ballistics
36:24 Leather Archer Armor
37:01 Bodkin Arrow
Connection lost

Rejoining the realm…

Still unreachable

The connection could not be restored.

Session expired

The server has moved on; the page needs a fresh start.